cohdb
Replays
Latest Replays
All Replays
Popular Replays
Top Player Replays
Match Explorer
How It Works
Community
CoH3 Stats
Reddit
Sign in to upload your games and track your stats! →
Sign in with Steam
Match 43271100
Unlisted
Match 43271100
Overview
Messages
Build Orders
End
Selects Special Operations Battlegroup
Selects M29 Weasel Recon Vehicle
M29 Weasel Recon Vehicle
Construct Weapon Support Center
M1919 Machine Gun Team
M1919 Machine Gun Team
Infantry Support Center
Selects Raiding Flares
Engineer Squad
M3 Armored Personnel Carrier
Advanced Logistics
.30 cal Machine Gun
.30 cal Machine Gun
Selects SSF Commando Squad
SSF Commando Squad
SSF Commando Squad
Construct Tank Depot
Selects P-47 Anti-Infantry Loiter
M4A1 Sherman Medium Tank
Selects UNKNOWN (2162291)
M4A1 Sherman Medium Tank
Selects Assault Operation
P-47 Anti-Infantry Loiter
Raiding Flares
M4A1 Sherman Medium Tank
CAuMOH
Legionary
Alloyzy Klex
SEPH
0
0
Comments
sign in to comment!
No comments posted yet!